 Dungeon Crawl Stone Soup version 0.29.1-13-g9f3cf754e1 (webtiles) character file.

Game seed: 13569898260707682103

21 Thatpatchoflichen the Shooter (level 2, -1/23 HPs)
             Began as a Demonspawn Hunter on Feb 2, 2023.
             Slain by a worm (9 damage)
             ... on level 2 of the Dungeon.
             The game lasted 00:05:56 (617 turns).

Thatpatchoflichen the Shooter (Demonspawn Hunter)    Turns: 617, Time: 00:05:58

Health: -1/23      AC:  3    Str: 11    XL:     2   Next: 65%
Magic:  2/2        EV: 12    Int: 10    God:
Gold:   75         SH:  0    Dex: 16    Spells: 1/1 levels left

rFire   . . .      SeeInvis .   a - +0 shortbow
rCold   . . .      Faith    .   (shield currently unavailable)
rNeg    . . .      Spirit   .   c - +0 leather armour
rPois   .          Reflect  .   (no helmet)
rElec   .          Harm     .   (no cloak)
rCorr   .          Rampage  .   (no gloves)
Will    .....                   (no boots)
Stlth   ++........              (no amulet)
HPRegen 0.07/turn               (no ring)
MPRegen 0.08/turn               (no ring)

@: no status effects
A: powered by death 1
a: no special abilities


You were on level 2 of the Dungeon.
You visited 1 branch of the dungeon, and saw 2 of its levels.

You collected 75 gold pieces.

Inventory:

Hand Weapons
 a - a +0 shortbow (weapon)
Armour
 c - a +0 leather armour (worn)
Jewellery
 k - a ring of protection from fire
Scrolls
 b - a scroll of immolation
 d - a scroll of identify {unknown}
 g - a scroll of magic mapping {unknown}
Potions
 e - a potion of invisibility {unknown}
 f - a potion of degeneration {unknown}
 h - a potion of haste {unknown}
 i - 3 potions of flight {unknown}
 j - a potion of brilliance {unknown}


   Skills:
 + Level 2.4 Fighting
 + Level 3.9 Ranged Weapons
 + Level 2.2 Dodging
 - Level 1.0 Stealth


You had one spell level left.
You didn't know any spells.
Your spell library contained the following spells:

 Spells                   Type           Power      Damage    Failure   Level
 Sublimation of Blood     Necr           0%         N/A       58%         2
 Wereblood                Tmut           0%         N/A       58%         2
 Summon Hydra             Summ           0%         N/A       100%        7


Dungeon Overview and Level Annotations

Branches:
Dungeon (2/15)

Altars:


Innate Abilities, Weirdness & Mutations

You regenerate a little health from kills.


Message History

Fire: a) +0 shortbow
Press: ? - help, Q - select action Shift-Dir - straight line, f - rat
Aim: a rat (asleep, 98% to hit)
You shoot an arrow. The arrow hits the rat!
You kill the rat!
Found a club.
i - 3 murky brown potions (gained 2)
j - a fizzy cyan potion
k - a ring of protection from fire Done exploring.
Done exploring.
You open the door.
There is an open door here.
There is a stone staircase leading down here.
You climb downwards.
The worm bites you.
There is a stone staircase leading up, spattered with blood here.
Fire: a) +0 shortbow
Press: ? - help, Q - select action Shift-Dir - straight line, f - worm
Aim: a worm (79% to hit)
You shoot an arrow. The arrow barely misses the worm.
The worm completely misses you.
Fire: a) +0 shortbow
Press: ? - help, Q - select action Shift-Dir - straight line, f/p - worm
Aim: a worm (79% to hit)
You shoot an arrow. The arrow hits the worm.
The worm is moderately wounded.
The worm bites you!
Fire: a) +0 shortbow
Press: ? - help, Q - select action Shift-Dir - straight line, f/p - worm
Aim: a worm (moderately wounded, 79% to hit)
You shoot an arrow. The arrow hits the worm.
The worm is severely wounded.
The worm bites you.
Fire: a) +0 shortbow
Press: ? - help, Q - select action Shift-Dir - straight line, f/p - worm
Aim: a worm (heavily wounded, 79% to hit)
You shoot an arrow. The arrow hits the worm.
The worm is almost dead.
The worm bites you!
You die...

.8 .
###.
##..#
#...#
#รท8.#
#.w.#
#@#
###


You could see a worm.

Vanquished Creatures
  A dart slug (D:1)
  3 endoplasms (D:1)
  A giant cockroach (D:1)
  2 hobgoblins (D:1)
  A quokka (D:1)
  A bat (D:1)
  2 frilled lizards
  A kobold (D:1)
  9 rats (D:1)
21 creatures vanquished.

Notes
Turn   | Place    | Note
-------+----------+-------------------------------------------
     0 | D:1      | Thatpatchoflichen the Demonspawn Hunter began the quest for
                  | the Orb.
     0 | D:1      | Reached XP level 1. HP: 16/16 MP: 1/1
    14 | D:1      | Found a faded altar of an unknown god.
    26 | D:1      | Reached skill level 1 in Stealth
   167 | D:1      | Gained mutation: You regenerate a little health from kills.
                  | [demonic ancestry]
   167 | D:1      | Reached XP level 2. HP: 22/22 MP: 2/2
   617 | D:2      | Slain by a worm

Illustrated notes

Levels and vault maps discovered:
D:1:      dpeg_arrival_pits, layout_rooms,
          shapermc_ecumenical_altar_starsandcircs, minmay_rat_gold_closets
D:2:      layout_basic, basic_altar, grunt_ministairs_4

Skill      XL: |  1 |
---------------+----+-----
Stealth        | 1 |  1.0
Dodging        | 2 |  2.2
Fighting       | |  2.4
Ranged Weapons | |  3.9

Action                   || total
-------------------------++-------
 Fire: Shortbow          ||    66
Armor: Leather armour    ||     6
Dodge: Dodged            ||    22
